 Dungeon Crawl Stone Soup version 0.19.0-22-gd96e5fe (webtiles) character file.

2477 tomat the Skirmisher (level 9, -2/79 HPs)
             Began as a Minotaur Berserker on Nov 19, 2016.
             Was an Elder of Trog.
             Slain by a tentacled starspawn (16 damage)
             ... on level 1 of the Abyss.
             The game lasted 00:23:19 (6315 turns).

tomat the Skirmisher (Minotaur Berserker)           Turns: 6315, Time: 00:23:22

Health: -2/79      AC:  8    Str: 31    XL:     9   Next: 27%
Magic:  8/8        EV:  9    Int:  4    God:    Trog [****..]
Gold:   392        SH:  0    Dex:  7    Spells: 0 memorised, 8 levels left

rFire  . . .     SeeInvis .     u - +2 spear (venom)
rCold  + . .     Gourm    .     a - +1 scale mail "Varphol" {-Tele rElec rPois Dex-2}
rNeg   . . .     Faith    .     (no shield)
rPois  +         Spirit   .     (helmet restricted)
rElec  +         Reflect  .     (no cloak)
rCorr  .         Harm     .     (no gloves)
MR     +....     NoTele   +     (no boots)
Stlth  +.........               (no amulet)
                                z - ring of protection from cold
                                e - ring of protection from magic

@: mighty, exhausted, slowed, constricted, very slow
A: retaliatory headbutt, horns 2, electricity resistance
a: Berserk, Trog's Hand, Brothers in Arms, Burn Spellbooks, Renounce Religion


You were on level 1 of the Abyss.
You worshipped Trog.
Trog was greatly pleased with you.
You were not hungry.

You visited 1 branch of the dungeon, and saw 8 of its levels.
You visited the Abyss 1 time.

You collected 392 gold pieces.

Inventory:

Hand Weapons
 u - a +2 spear of venom (weapon)
 E - a +0 shortbow of flaming
Missiles
 D - 4 javelins (quivered)
 F - 72 arrows
Armour
 a - the +1 scale mail "Varphol" (worn) {-Tele rElec rPois Dex-2}
   (You found it on level 7 of the Dungeon)

   It affects your dexterity (-2).
   It insulates you from electricity.
   It protects you from poison.
   It prevents most forms of teleportation.
 H - a +0 troll leather armour
Jewellery
 e - a ring of protection from magic (left hand)
 z - a ring of protection from cold (right hand)
Wands
 l - a wand of acid (4/15)
 o - a wand of slowing (24/48)
 y - a wand of digging (12/24)
Scrolls
 d - 3 scrolls of remove curse
 h - 3 scrolls of recharging
 i - 8 scrolls of identify
 j - 2 scrolls of noise
 n - a scroll of blinking
 p - a scroll of amnesia
Potions
 b - 3 potions of curing
 g - 2 potions of might
 k - a potion of invisibility
Comestibles
 c - 3 bread rations
 f - 4 fruits
 w - a slice of pizza
 x - 3 beef jerkies
 A - a royal jelly
 B - a meat ration


   Skills:
 + Level 7.6 Fighting
   Level 7.1 Maces & Flails
 + Level 7.6 Polearms
 + Level 6.0 Armour
 + Level 5.4 Dodging
 + Level 3.3 Stealth


You had 8 spell levels left.
You didn't know any spells.

Dungeon Overview and Level Annotations

Branches:
Dungeon (8/15)             Temple (0/1) D:6
   Lair: D:8-11

Altars:
Ashenzari
Dithmenos
Hepliaklqana
Sif Muna

Annotations:
D:8 Psyche


Innate Abilities, Weirdness & Mutations

You reflexively headbutt those who attack you in melee.
You have a pair of horns on your head.
You are resistant to electric shocks. (rElec)


Message History

You escape the starspawn tentacle's grasp.
A tentacle flies out from the starspawn's body!
The starspawn tentacle grabs you. The starspawn tentacle constricts you.
A starspawn tentacle comes into view.
You escape the starspawn tentacle's grasp.
The starspawn tentacle grabs you. The starspawn tentacle constricts you.
You escape the starspawn tentacle's grasp.
The starspawn tentacle barely misses you. x2
You furiously retaliate!
You headbutt the starspawn tentacle! The tentacled starspawn bites you!!
* * * LOW HITPOINT WARNING * * *
The tentacled starspawn closely misses you.
As you read the scroll of fear, it crumbles to dust.
You assume a fearsome visage.
The tentacled starspawn is unaffected.
The starspawn tentacle is unaffected. x2; The starspawn tentacle grabs you.
The starspawn tentacle constricts you.
The tentacled starspawn barely misses you.
You furiously retaliate!
You headbutt the tentacled starspawn. The tentacled starspawn engulfs you!
You die...

...# .# # #. .#.
.. . # #.. .. . ..
##. # ...#.. . #
#.....# .#.. ## #
#....#. ..#.# .
#...(..## .....# #
..
...#....##....#..
.# .#
....#.#@#..#.#..#
. #
..#..#wXw...##.#..
#........#.# .#
##.....#..##.# . .
. ...#...#.#... #
#. # ##
.##..#.##.....##.
#.#.### #...####
.#.. ####.##.# ...
#..# ##


You could see a tentacled starspawn and 2 starspawn tentacles.

Vanquished Creatures
  A hippogriff (D:6)
  A ynoxinul (Abyss:1)
  Eustachio (D:4)
  Menkaure (D:4)
  A phantom (D:6)
  3 centaurs
  2 ogres
  2 bullfrogs
  A small abomination (Abyss:1)
  2 howler monkeys (D:6)
  3 crimson imps
  A quasit (D:7)
  2 orc priests (D:4)
  4 hounds
  9 orc wizards
  2 bullfrog skeletons
  Natasha (thrice) (D:4)
  An iguana (D:5)
  5 worker ants
  A hound skeleton (D:4)
  A howler monkey zombie (D:8)
  A worker ant zombie (D:5)
  Robin (D:3)
  4 gnolls
  13 adders
  2 adder skeletons
  4 dart slugs
  3 leopard geckos
  24 orcs
  A ball python (D:5)
  4 giant cockroaches
  14 goblins
  8 hobgoblins
  4 kobolds
  4 quokkas
  8 bats
  7 frilled lizards
  7 rats
156 creatures vanquished.

Vanquished Creatures (others)
  3 starspawn tentacles (Abyss:1)
3 creatures vanquished.

Grand Total: 159 creatures vanquished

Notes
Turn   | Place    | Note
-------+----------+-------------------------------------------
     0 | D:1      | tomat the Minotaur Berserker began the quest for the Orb.
     0 | D:1      | Reached XP level 1. HP: 19/19 MP: 0/0
   118 | D:1      | Reached XP level 2. HP: 11/27 MP: 1/1
   753 | D:2      | Reached XP level 3. HP: 33/33 MP: 2/2
   815 | D:2      | Reached ** piety under Trog
  1131 | D:2      | Reached XP level 4. HP: 41/41 MP: 3/3
  1229 | D:2      | Reached skill level 5 in Maces & Flails
  1453 | D:3      | Noticed Robin
  1458 | D:3      | Killed Robin
  1464 | D:3      | Reached skill level 1 in Stealth
  1673 | D:3      | Reached XP level 5. HP: 32/47 MP: 4/4
  1834 | D:3      | Reached *** piety under Trog
  2374 | D:4      | Noticed Eustachio
  2383 | D:4      | Killed Eustachio
  2383 | D:4      | Reached skill level 5 in Fighting
  2383 | D:4      | Reached XP level 6. HP: 49/56 MP: 5/5
  2423 | D:4      | Noticed Natasha
  2434 | D:4      | Killed Natasha
  2678 | D:4      | Noticed Menkaure
  2681 | D:4      | Killed Menkaure
  2681 | D:4      | Reached skill level 1 in Polearms
  2681 | D:4      | Reached XP level 7. HP: 36/61 MP: 6/6
  3022 | D:4      | Noticed Natasha
  3034 | D:4      | Killed Natasha
  3151 | D:4      | Reached **** piety under Trog
  3190 | D:4      | Noticed Natasha
  3200 | D:4      | Killed Natasha
  3425 | D:5      | Entered Level 5 of the Dungeon
  3426 | D:5      | Found a hazy altar of Hepliaklqana.
  3728 | D:5      | Reached XP level 8. HP: 54/70 MP: 7/7
  3995 | D:5      | Reached skill level 5 in Polearms
  4099 | D:5      | Found a deep blue altar of Sif Muna.
  4273 | D:5      | Reached skill level 5 in Armour
  4275 | D:5      | Found a shadowy altar of Dithmenos.
  4283 | D:5      | Found a shattered altar of Ashenzari.
  4515 | D:6      | Found a staircase to the Ecumenical Temple.
  4663 | D:6      | Noticed a hippogriff
  4668 | D:6      | Killed a hippogriff
  4704 | D:6      | Reached skill level 5 in Dodging
  5071 | D:7      | Reached XP level 9. HP: 63/79 MP: 8/8
  5303 | D:7      | Got a bloodstained scale mail
  5314 | D:7      | Identified the +1 scale mail "Varphol" {-Tele rElec rPois Dex-2} (You found it on level 7 of the Dungeon)
  6170 | D:8      | Noticed Psyche
  6173 | D:8      | Cast into level 1 of the Abyss (Psyche)
  6289 | Abyss:1  | Noticed a tentacled starspawn
  6303 | Abyss:1  | Gained mutation: You are resistant to electric shocks. (rElec) [potion of beneficial mutation]
  6315 | Abyss:1  | Slain by a tentacled starspawn

Skill      XL: |  1  2  3  4  5  6  7  8  9 |
---------------+----------------------------+-----
Maces & Flails | 4 5 6 7 |  7.1
Fighting       | 4 5 6 7 |  7.6
Stealth        | 1 2 3 |  3.3
Armour         | 3 4 5 6 |  6.0
Dodging        | 3 4 5 |  5.4
Polearms       | 1 3 7 |  7.6

Action                   |  1- 3 |  4- 6 |  7- 9 || total
-------------------------+-------+-------+-------++-------
Melee: Mace              |    46 |    55 |       ||   101
       Headbutt          |     6 |    17 |    43 ||    66
       Spear             |       |    43 |   262 ||   305
Invok: Berserk           |       |     3 |     5 ||     8
       Trog's Hand       |       |     1 |       ||     1
       Burn Spellbooks   |       |       |     2 ||     2
  Use: Scroll            |       |       |    13 ||    13
       Potion            |       |       |     5 ||     5
 Stab: Sleeping          |     2 |     1 |     5 ||     8
  Eat: Chunk             |     1 |     8 |     8 ||    17
       Bread ration      |       |       |     2 ||     2
Armor: Animal skin       |     6 |       |       ||     6
       Leather armour    |       |    18 |    32 ||    50
       Scale mail        |       |       |    18 ||    18
Dodge: Dodged            |    29 |    53 |   135 ||   217
